 Dungeon Crawl Stone Soup version 0.29.1-12-g30fa7ad0bf (webtiles) character file.

Game seed: 8609054284064691894

47 MisterFreud the Twirler (level 3, -2/27 HPs)
             Began as a Formicid Gladiator on Dec 28, 2022.
             Slain by a gnoll
             ... wielding a +0 whip
              (5 damage)
             ... on level 3 of the Dungeon.
             The game lasted 00:01:35 (2375 turns).

MisterFreud the Twirler (Formicid Gladiator)        Turns: 2375, Time: 00:01:36

Health: -2/27      AC:  3    Str: 20    XL:     3   Next: 97%
Magic:  3/3        EV:  9    Int:  7    God:
Gold:   97         SH: 11    Dex: 15    Spells: 2/2 levels left

rFire   . . .      SeeInvis +   a - +0 quarterstaff
rCold   . . .      Faith    .   m - +0 tower shield
rNeg    . . .      Spirit   .   b - +0 leather armour
rPois   .          Reflect  .   (helmet unavailable)
rElec   .          Harm     .   (no cloak)
rCorr   .          Rampage  .   (no gloves)
Will    .....                   (no boots)
Stlth   +.........              (no amulet)
HPRegen 0.09/turn               (no ring)
MPRegen 0.08/turn               (no ring)

@: no status effects
A: permanent stasis, dig shafts and tunnels, antennae 3, four strong arms
a: Dig, Shaft Self


You were on level 3 of the Dungeon.
You visited 1 branch of the dungeon, and saw 3 of its levels.

You collected 97 gold pieces.

Inventory:

Hand Weapons
 a - a +0 quarterstaff (weapon)
Missiles
 c - 3 throwing nets (quivered)
 d - 3 javelins
Armour
 b - a +0 leather armour (worn)
 m - a +0 tower shield (worn)
Scrolls
 e - a scroll of poison {unknown}
 i - 4 scrolls of identify {unknown}
 l - a scroll of noise {unknown}
 n - a scroll of magic mapping {unknown}
 p - a scroll of teleportation {unknown}
Potions
 f - 2 potions of degeneration {unknown}
 g - 2 potions of might {unknown}
 h - a potion of mutation {unknown}
 j - a potion of curing {unknown}
 k - 2 potions of lignification {unknown}
 o - 2 potions of cancellation {unknown}


   Skills:
 - Level 2.1 Fighting
 + Level 4.4 Staves
 - Level 2.0 Throwing
 - Level 2.6 Dodging
 + Level 1.2 Shields


You had 2 spell levels left.
You didn't know any spells.
Your spell library contained the following spells:

 Spells                   Type           Power      Damage    Failure   Level
 Gell's Gravitas          Tloc           0%         N/A       100%        3
 Lesser Beckoning         Tloc           0%         N/A       100%        3
 Teleport Other           Tloc           0%         N/A       100%        3


Dungeon Overview and Level Annotations

Branches:
Dungeon (3/15)

Altars:


Innate Abilities, Weirdness & Mutations

You cannot be hasted, slowed, berserked, paralysed or teleported.
You can dig through walls and to a lower floor.
You have a pair of large antennae on your head. (SInv)
Your four strong arms can wield two-handed weapons with a shield.


Message History

There is a stone staircase leading up here.
Found an escape hatch in the floor.
No target in view!
A gnoll comes into view. It is wielding a +0 club.
A gnoll is nearby!
Found a robe.
A gnoll is nearby!
Found a fizzy orange potion.
You sock the gnoll!
The gnoll is severely wounded.
The gnoll hits you with a +0 club.
You thump the gnoll!
You kill the gnoll!
Your Shields skill increases to level 1!
No target in view!
You sense a monster nearby.
HP restored.
A gnoll comes into view. It is wielding a +0 whip.
The gnoll shouts!
A gnoll comes into view. It is wielding a +0 club.
Things that are here:
a +0 club; a gnoll corpse The gnoll shouts!
You block the gnoll's attack. The gnoll hits you with a +0 club.
You barely miss the gnoll. You block the gnoll's attack. x2
The gnoll hits you with a +0 whip. The gnoll closely misses you.
You closely miss the gnoll. The gnoll closely misses you.
You block the gnoll's attack.
You closely miss the gnoll. The gnoll hits you with a +0 whip.
You block the gnoll's attack. The gnoll barely misses you.
You block the gnoll's attack.
You barely miss the gnoll. The gnoll hits you with a +0 club!
You block the gnoll's attack.
You barely miss the gnoll. The gnoll hits you but does no damage.
You block the gnoll's attack.
You barely miss the gnoll. You block the gnoll's attack.
The gnoll hits you with a +0 club!
* * * LOW HITPOINT WARNING * * *
The gnoll hits you with a +0 whip.
You die...

#..... #...#.
#...'.#### ..#....# ##
.'....+ {..######+#
#....# #.#..^.....
#.gg.# ##.#........
#..@.# #...........
#....# #...........
###....###...........
........)...........>.
..........##...........
..........####.......#
.......[..# #.#######
##........# #.#
#.......!# #.#


You could see 2 gnolls.

Vanquished Creatures
  A gnoll (D:3)
  A dart slug (D:2)
  3 bats
  3 endoplasms (D:2)
  3 goblins (D:1)
  4 hobgoblins
  2 jackals (D:1)
  6 kobolds
  A quokka (D:2)
  2 ball pythons
  2 frilled lizards (D:2)
  5 rats
33 creatures vanquished.

Notes
Turn   | Place    | Note
-------+----------+-------------------------------------------
     0 | D:1      | MisterFreud the Formicid Gladiator began the quest for the
                  | Orb.
     0 | D:1      | Reached XP level 1. HP: 16/16 MP: 1/1
   119 | D:1      | Reached XP level 2. HP: 22/22 MP: 2/2
  1094 | D:2      | Reached skill level 4 in Staves
  1094 | D:2      | Reached XP level 3. HP: 9/27 MP: 3/3
  2305 | D:2      | Found a faded altar of an unknown god.
  2358 | D:3      | Reached skill level 1 in Shields
  2375 | D:3      | Slain by a gnoll

Illustrated notes

Levels and vault maps discovered:
D:1:      saegor_arrival_simple_a, layout_basic
D:2:      cheibrodos_helix_gallery, layout_basic,
          dreamdust_ecumenical_altar_hidden_monk_grotto
D:3:      layout_basic, gammafunk_ghost_mausoleum, grunt_ministairs_4

Skill      XL: |  1  2  3 |
---------------+----------+-----
Staves         | 4 |  4.4
Shields        | 1 |  1.2
Fighting       | |  2.1
Throwing       | |  2.0
Dodging        | |  2.6

Action                   || total
-------------------------++-------
Melee: Quarterstaff      ||    98
Armor: Leather armour    ||    31
Dodge: Dodged            ||    41
Block: Tower shield      ||    27
